[ AOE2 MATCH · #481035116 ]
Team RMTeutons vs Mongols
[ REPLAY ANALYSIS · EXTRACTED FROM THE RECORDED GAME ]
Feudal
16:06
Castle
29:25
Imperial
—
| APM avg | 22.7 |
| APM peak | 102 |
| eAPM avg | 18.7 |
| Villagers / military | 125 / 66 |
Focus
⚔️ 21.3% · 🌾 78.7%
Scorpion ×30 · Spearman ×21 · Scout Cavalry ×5 · Teutonic Knight ×5 · Militia ×3 · Monk ×1
Feudal
9:38
Castle
21:02
Imperial
28:57
| APM avg | 42.3 |
| APM peak | 79 |
| eAPM avg | 21.4 |
| Villagers / military | 86 / 154 |
Focus
⚔️ 66.7% · 🌾 33.3%
Archer ×135 · Scout Cavalry ×8 · Trebuchet (Packed) ×8 · Knight ×2 · Monk ×1
Feudal
12:31
Castle
23:24
Imperial
—
| APM avg | 36.2 |
| APM peak | 95 |
| eAPM avg | 16.5 |
| Villagers / military | 81 / 136 |
Focus
⚔️ 36.2% · 🌾 63.8%
Woad Raider ×83 · Spearman ×40 · Scorpion ×13
Feudal
11:05
Castle
25:15
Imperial
46:05
| APM avg | 18.6 |
| APM peak | 54 |
| eAPM avg | 9.5 |
| Villagers / military | 111 / 107 |
Focus
⚔️ 22.5% · 🌾 77.5%
Skirmisher ×35 · Knight ×31 · Mangudai ×17 · Scout Cavalry ×10 · Cavalry Archer ×10 · Monk ×2
Match map
Initial resources + every placement click. Lines = walls · curves = elevation contours. ◆ gold · ⬟ stone · ● berries · ✦ relic · ◌ wall gap
Your base· Open — unwalled flank
bigdawg's base· Open — unwalled flank
EL SANTO PADRE EL ORIGINAL's base· Open — unwalled flank
Hardhead's base· Open — unwalled flank
Smoothed initial terrain · ◌ = detected wall gap · hover for details
Inputs per minute
— Leon S. Kennedy - - bigdawg
Build order — Leon S. Kennedy
First 150 of 274 actions detected
| 0:08 | Research | Loom |
| 0:08 | Create | Villager (Male) |
| 0:09 | Create | Villager (Male) |
| 0:09 | Create | Villager (Male) |
| 0:09 | Create | Villager (Male) |
| 0:22 | Build | House |
| 0:23 | Build | House |
| 0:24 | Build | House |
| 1:38 | Create | Villager (Male) |
| 1:39 | Create | Villager (Male) |
| 2:29 | Create | Villager (Male) |
| 3:00 | Create | Villager (Male) |
| 3:00 | Create | Villager (Male) |
| 3:28 | Create | Villager (Male) |
| 4:15 | Create | Villager (Male) |
| 4:15 | Create | Villager (Male) |
| 4:25 | Create | Villager (Male) |
| 4:49 | Build | Lumber Camp |
| 4:51 | Create | Villager (Male) |
| 4:51 | Create | Villager (Male) |
| 5:15 | Create | Villager (Male) |
| 5:15 | Create | Villager (Male) |
| 5:48 | Create | Villager (Male) |
| 5:49 | Create | Villager (Male) |
| 5:49 | Create | Villager (Male) |
| 6:23 | Create | Villager (Male) |
| 6:30 | Create | Villager (Male) |
| 6:30 | Create | Villager (Male) |
| 6:49 | Build | Mill |
| 6:51 | Create | Villager (Male) |
| 6:57 | Build | House |
| 6:59 | Build | House |
| 7:01 | Build | House |
| 7:44 | Create | Villager (Male) |
| 7:44 | Create | Villager (Male) |
| 7:52 | Create | Villager (Male) |
| 7:52 | Create | Villager (Male) |
| 8:12 | Build | Mining Camp |
| 8:14 | Create | Villager (Male) |
| 8:14 | Create | Villager (Male) |
| 8:37 | Build | Mining Camp |
| 8:55 | Create | Villager (Male) |
| 10:24 | Build | Farm |
| 10:26 | Build | Farm |
| 10:27 | Build | Farm |
| 10:28 | Build | Farm |
| 10:29 | Build | Farm |
| 10:57 | Build | Palisade Wall |
| 11:16 | Build | Farm |
| 11:17 | Build | Farm |
| 11:19 | Build | Farm |
| 12:16 | Build | Farm |
| 12:17 | Build | Farm |
| 12:18 | Build | Farm |
| 12:27 | Build | Barracks |
| 12:44 | Build | Palisade Wall |
| 13:15 | Build | House |
| 13:16 | Build | House |
| 13:19 | Create | Militia |
| 13:19 | Create | Militia |
| 13:19 | Create | Militia |
| 13:53 | Build | Palisade Wall |
| 13:56 | Research | Feudal Age |
| 15:32 | Create | Villager (Male) |
| 15:33 | Create | Villager (Male) |
| 16:05 | Create | Villager (Male) |
| 16:06 | Create | Villager (Male) |
| 16:06 | Age | Feudal Age |
| 16:11 | Create | Spearman |
| 16:11 | Create | Spearman |
| 16:11 | Create | Spearman |
| 16:29 | Build | Watch Tower |
| 16:41 | Create | Villager (Male) |
| 16:41 | Create | Villager (Male) |
| 16:59 | Create | Villager (Male) |
| 17:00 | Create | Villager (Male) |
| 17:00 | Create | Villager (Male) |
| 17:16 | Create | Spearman |
| 17:16 | Create | Spearman |
| 17:36 | Create | Spearman |
| 17:36 | Create | Spearman |
| 17:36 | Create | Spearman |
| 18:09 | Create | Villager (Male) |
| 18:09 | Create | Villager (Male) |
| 18:10 | Create | Villager (Male) |
| 18:31 | Create | Villager (Male) |
| 18:31 | Create | Villager (Male) |
| 18:55 | Create | Spearman |
| 18:56 | Create | Spearman |
| 19:37 | Create | Villager (Male) |
| 19:37 | Create | Villager (Male) |
| 19:37 | Create | Villager (Male) |
| 19:58 | Create | Villager (Male) |
| 19:58 | Create | Villager (Male) |
| 20:04 | Build | Farm |
| 20:19 | Build | Watch Tower |
| 20:24 | Research | Man-at-Arms (upgrade) |
| 20:40 | Build | Farm |
| 20:58 | Build | Palisade Wall |
| 21:12 | Build | Farm |
| 21:41 | Build | Palisade Wall |
| 21:49 | Build | Farm |
| 22:08 | Build | Blacksmith |
| 23:13 | Build | Farm |
| 23:15 | Create | Villager (Male) |
| 23:16 | Create | Villager (Male) |
| 23:40 | Create | Villager (Male) |
| 23:40 | Create | Villager (Male) |
| 23:56 | Build | House |
| 24:50 | Create | Villager (Male) |
| 24:50 | Create | Villager (Male) |
| 25:33 | Build | Stable |
| 25:55 | Create | Villager (Male) |
| 25:56 | Create | Villager (Male) |
| 26:01 | Build | Farm |
| 26:37 | Research | Castle Age |
| 26:40 | Research | Arson |
| 26:42 | Create | Scout Cavalry |
| 26:43 | Create | Scout Cavalry |
| 26:43 | Create | Scout Cavalry |
| 26:50 | Build | House |
| 26:53 | Build | House |
| 26:55 | Build | House |
| 26:58 | Research | Scale Mail Armor |
| 27:24 | Create | Scout Cavalry |
| 27:24 | Create | Scout Cavalry |
| 27:52 | Research | Bloodlines |
| 28:11 | Build | Lumber Camp |
| 29:08 | Create | Villager (Male) |
| 29:08 | Create | Villager (Male) |
| 29:09 | Create | Villager (Male) |
| 29:09 | Create | Villager (Male) |
| 29:09 | Create | Villager (Male) |
| 29:22 | Build | Market |
| 29:25 | Age | Castle Age |
| 29:28 | Research | Gambesons |
| 29:29 | Research | Squires |
| 29:30 | Create | Villager (Male) |
| 29:30 | Create | Villager (Male) |
| 29:50 | Create | Villager (Male) |
| 30:30 | Create | Villager (Male) |
| 30:31 | Create | Villager (Male) |
| 30:31 | Create | Villager (Male) |
| 30:46 | Build | Castle |
| 31:27 | Build | Castle |
| 31:53 | Create | Villager (Male) |
| 31:54 | Create | Villager (Male) |
| 32:58 | Build | Siege Workshop |
| 33:00 | Create | Villager (Male) |
| 33:01 | Create | Villager (Male) |
Build order — bigdawg
First 150 of 322 actions detected
| 0:00 | Create | Villager (Male) |
| 0:01 | Create | Villager (Male) |
| 0:01 | Create | Villager (Male) |
| 0:02 | Build | House |
| 0:04 | Build | House |
| 1:21 | Create | Villager (Male) |
| 1:51 | Create | Villager (Male) |
| 1:58 | Build | Lumber Camp |
| 2:12 | Create | Villager (Male) |
| 2:12 | Create | Villager (Male) |
| 2:44 | Create | Villager (Male) |
| 3:02 | Create | Villager (Male) |
| 3:15 | Build | Mill |
| 3:22 | Create | Villager (Male) |
| 3:48 | Create | Villager (Male) |
| 4:24 | Build | House |
| 4:29 | Create | Villager (Male) |
| 4:55 | Create | Villager (Male) |
| 5:09 | Create | Villager (Male) |
| 5:27 | Build | House |
| 5:43 | Create | Villager (Male) |
| 5:44 | Create | Villager (Male) |
| 6:08 | Build | Mill |
| 6:25 | Create | Villager (Male) |
| 6:50 | Research | Loom |
| 7:28 | Research | Feudal Age |
| 7:56 | Create | Villager (Male) |
| 8:59 | Build | House |
| 9:17 | Build | Farm |
| 9:21 | Build | House |
| 9:38 | Age | Feudal Age |
| 9:44 | Build | Stable |
| 9:58 | Build | Farm |
| 10:14 | Build | Farm |
| 10:31 | Build | Farm |
| 10:33 | Create | Scout Cavalry |
| 10:33 | Create | Scout Cavalry |
| 10:46 | Create | Villager (Male) |
| 10:46 | Create | Villager (Male) |
| 10:50 | Build | Farm |
| 10:53 | Build | Farm |
| 11:13 | Build | Farm |
| 11:27 | Build | Farm |
| 11:32 | Create | Scout Cavalry |
| 11:38 | Build | House |
| 11:41 | Create | Villager (Male) |
| 11:42 | Create | Villager (Male) |
| 11:54 | Build | Farm |
| 12:02 | Build | Farm |
| 12:10 | Create | Scout Cavalry |
| 12:30 | Create | Villager (Male) |
| 12:41 | Create | Villager (Male) |
| 12:41 | Create | Villager (Male) |
| 12:41 | Create | Villager (Male) |
| 12:43 | Build | Farm |
| 12:59 | Create | Villager (Male) |
| 13:02 | Create | Villager (Male) |
| 13:08 | Build | House |
| 13:49 | Create | Villager (Male) |
| 13:50 | Create | Villager (Male) |
| 13:57 | Build | House |
| 14:19 | Create | Villager (Male) |
| 14:38 | Build | Archery Range |
| 14:41 | Build | Farm |
| 14:44 | Build | Farm |
| 14:58 | Create | Villager (Male) |
| 15:02 | Build | Farm |
| 15:11 | Create | Villager (Male) |
| 15:24 | Build | Mining Camp |
| 15:28 | Create | Villager (Male) |
| 15:29 | Build | Farm |
| 15:36 | Build | Farm |
| 16:03 | Create | Villager (Male) |
| 16:05 | Build | Farm |
| 16:27 | Build | Farm |
| 17:06 | Research | Wheelbarrow |
| 18:06 | Research | Castle Age |
| 18:11 | Research | Double-Bit Axe |
| 18:12 | Research | Horse Collar |
| 18:14 | Research | Gold Mining |
| 18:23 | Research | Horse Collar |
| 18:25 | Research | Gold Mining |
| 18:25 | Research | Double-Bit Axe |
| 18:44 | Create | Villager (Male) |
| 18:47 | Create | Archer |
| 18:47 | Create | Archer |
| 19:15 | Create | Archer |
| 19:23 | Build | Archery Range |
| 19:34 | Build | Blacksmith |
| 19:40 | Build | Farm |
| 19:47 | Create | Archer |
| 20:09 | Create | Villager (Male) |
| 20:26 | Create | Archer |
| 20:36 | Research | Fletching |
| 21:02 | Age | Castle Age |
| 21:15 | Research | Husbandry |
| 21:21 | Create | Archer |
| 21:21 | Create | Archer |
| 21:39 | Research | Crossbowman (upgrade) |
| 21:54 | Create | Villager (Male) |
| 21:54 | Create | Villager (Male) |
| 22:12 | Build | Lumber Camp |
| 22:38 | Create | Villager (Male) |
| 22:40 | Create | Archer |
| 22:40 | Create | Archer |
| 22:47 | Create | Archer |
| 22:47 | Create | Archer |
| 22:49 | Build | House |
| 22:50 | Build | House |
| 22:59 | Create | Archer |
| 23:00 | Create | Archer |
| 23:21 | Build | Market |
| 23:34 | Create | Villager (Male) |
| 23:35 | Create | Villager (Male) |
| 23:46 | Create | Villager (Male) |
| 23:46 | Create | Villager (Male) |
| 24:22 | Build | University |
| 24:23 | Create | Villager (Male) |
| 24:24 | Create | Villager (Male) |
| 24:37 | Build | Farm |
| 24:43 | Create | Knight |
| 24:44 | Create | Knight |
| 25:16 | Create | Archer |
| 25:17 | Create | Archer |
| 25:28 | Create | Archer |
| 25:29 | Create | Archer |
| 25:29 | Create | Archer |
| 25:43 | Research | Imperial Age |
| 25:47 | Build | Mining Camp |
| 26:04 | Build | Farm |
| 26:31 | Build | House |
| 26:32 | Build | House |
| 26:37 | Build | House |
| 26:50 | Research | Bodkin Arrow |
| 27:05 | Build | House |
| 27:06 | Build | House |
| 27:14 | Create | Archer |
| 27:14 | Create | Archer |
| 27:15 | Create | Archer |
| 27:15 | Create | Archer |
| 27:26 | Build | Archery Range |
| 28:19 | Research | Ballistics |
| 28:30 | Create | Archer |
| 28:30 | Create | Archer |
| 28:30 | Create | Archer |
| 28:42 | Build | House |
| 28:45 | Build | Lumber Camp |
| 28:50 | Create | Archer |
| 28:57 | Age | Imperial Age |
| 29:09 | Research | Arbalester (upgrade) |
Build order — EL SANTO PADRE EL ORIGINAL
First 150 of 283 actions detected
| 0:02 | Create | Villager (Male) |
| 0:02 | Create | Villager (Male) |
| 0:02 | Create | Villager (Male) |
| 0:02 | Create | Villager (Male) |
| 0:05 | Build | House |
| 0:07 | Build | House |
| 0:52 | Research | Loom |
| 1:45 | Create | Villager (Male) |
| 1:45 | Create | Villager (Male) |
| 2:18 | Create | Villager (Male) |
| 2:46 | Create | Villager (Male) |
| 2:47 | Create | Villager (Male) |
| 3:35 | Create | Villager (Male) |
| 3:35 | Create | Villager (Male) |
| 3:35 | Create | Villager (Male) |
| 3:37 | Create | Villager (Male) |
| 3:37 | Create | Villager (Male) |
| 4:16 | Build | Lumber Camp |
| 4:24 | Create | Villager (Male) |
| 4:24 | Create | Villager (Male) |
| 4:25 | Create | Villager (Male) |
| 4:31 | Build | House |
| 4:31 | Build | House |
| 5:12 | Create | Villager (Male) |
| 5:12 | Create | Villager (Male) |
| 5:13 | Create | Villager (Male) |
| 5:13 | Create | Villager (Male) |
| 5:13 | Create | Villager (Male) |
| 5:14 | Create | Villager (Male) |
| 5:14 | Create | Villager (Male) |
| 5:14 | Create | Villager (Male) |
| 5:15 | Create | Villager (Male) |
| 5:15 | Create | Villager (Male) |
| 5:15 | Create | Villager (Male) |
| 5:27 | Create | Villager (Male) |
| 5:28 | Create | Villager (Male) |
| 5:43 | Create | Villager (Male) |
| 6:16 | Create | Villager (Male) |
| 6:16 | Create | Villager (Male) |
| 6:44 | Build | Barracks |
| 6:48 | Create | Villager (Male) |
| 6:48 | Create | Villager (Male) |
| 6:48 | Create | Villager (Male) |
| 8:07 | Build | Mill |
| 8:52 | Build | Farm |
| 8:54 | Build | Farm |
| 8:58 | Build | Farm |
| 9:10 | Build | Farm |
| 9:14 | Build | House |
| 9:16 | Build | House |
| 9:18 | Build | House |
| 9:20 | Build | House |
| 10:21 | Research | Feudal Age |
| 10:44 | Create | Villager (Male) |
| 10:45 | Create | Villager (Male) |
| 10:45 | Create | Villager (Male) |
| 11:16 | Build | Mining Camp |
| 11:22 | Create | Villager (Male) |
| 11:22 | Create | Villager (Male) |
| 11:41 | Create | Villager (Male) |
| 11:41 | Create | Villager (Male) |
| 11:41 | Create | Villager (Male) |
| 12:13 | Create | Villager (Male) |
| 12:14 | Create | Villager (Male) |
| 12:31 | Age | Feudal Age |
| 12:34 | Create | Spearman |
| 12:34 | Create | Spearman |
| 12:34 | Create | Spearman |
| 12:35 | Create | Spearman |
| 12:35 | Create | Spearman |
| 12:47 | Build | Blacksmith |
| 12:54 | Build | Stable |
| 13:13 | Create | Spearman |
| 13:13 | Create | Spearman |
| 13:13 | Create | Spearman |
| 13:35 | Create | Spearman |
| 13:35 | Create | Spearman |
| 13:35 | Create | Spearman |
| 14:09 | Create | Spearman |
| 14:09 | Create | Spearman |
| 14:21 | Build | Farm |
| 14:35 | Build | Farm |
| 14:55 | Build | House |
| 14:56 | Build | House |
| 16:32 | Build | Farm |
| 16:32 | Build | Farm |
| 16:42 | Research | Horse Collar |
| 17:11 | Create | Spearman |
| 17:12 | Create | Spearman |
| 18:19 | Build | House |
| 18:19 | Build | House |
| 18:19 | Build | House |
| 18:19 | Build | House |
| 19:38 | Build | Lumber Camp |
| 20:13 | Build | Farm |
| 20:18 | Build | Farm |
| 20:35 | Build | Mining Camp |
| 20:44 | Research | Castle Age |
| 21:04 | Create | Spearman |
| 21:05 | Create | Spearman |
| 21:07 | Create | Spearman |
| 21:16 | Create | Spearman |
| 21:17 | Create | Spearman |
| 21:45 | Build | House |
| 21:46 | Build | House |
| 21:48 | Build | House |
| 21:59 | Research | Stone Mining |
| 22:44 | Create | Villager (Male) |
| 22:44 | Create | Villager (Male) |
| 22:44 | Create | Villager (Male) |
| 22:44 | Create | Villager (Male) |
| 23:24 | Age | Castle Age |
| 24:50 | Build | Lumber Camp |
| 25:25 | Create | Villager (Male) |
| 25:26 | Create | Villager (Male) |
| 25:26 | Create | Villager (Male) |
| 25:26 | Create | Villager (Male) |
| 25:26 | Create | Villager (Male) |
| 25:41 | Build | Castle |
| 25:51 | Research | Double-Bit Axe |
| 26:28 | Create | Villager (Male) |
| 26:28 | Create | Villager (Male) |
| 26:28 | Create | Villager (Male) |
| 26:28 | Create | Villager (Male) |
| 26:29 | Create | Villager (Male) |
| 26:29 | Create | Villager (Male) |
| 26:29 | Create | Villager (Male) |
| 26:30 | Create | Villager (Male) |
| 27:00 | Build | Farm |
| 27:03 | Build | Farm |
| 27:07 | Build | Farm |
| 27:10 | Build | Farm |
| 27:23 | Research | Gold Mining |
| 27:27 | Create | Woad Raider |
| 27:27 | Create | Woad Raider |
| 27:27 | Create | Woad Raider |
| 27:51 | Create | Woad Raider |
| 27:51 | Create | Woad Raider |
| 27:52 | Create | Woad Raider |
| 28:09 | Create | Woad Raider |
| 28:09 | Build | Siege Workshop |
| 28:36 | Create | Woad Raider |
| 28:36 | Create | Woad Raider |
| 29:16 | Create | Woad Raider |
| 29:16 | Create | Woad Raider |
| 29:17 | Create | Woad Raider |
| 29:24 | Create | Villager (Male) |
| 29:25 | Create | Villager (Male) |
| 29:25 | Create | Villager (Male) |
| 29:36 | Create | Woad Raider |
Build order — Hardhead
First 150 of 289 actions detected
| 0:01 | Create | Villager (Male) |
| 0:01 | Create | Villager (Male) |
| 0:02 | Build | House |
| 0:05 | Build | House |
| 0:50 | Create | Villager (Male) |
| 1:26 | Create | Villager (Male) |
| 1:59 | Create | Villager (Male) |
| 2:04 | Build | Lumber Camp |
| 2:27 | Create | Villager (Male) |
| 2:51 | Create | Villager (Male) |
| 3:23 | Create | Villager (Male) |
| 3:47 | Create | Villager (Male) |
| 4:18 | Create | Villager (Male) |
| 4:38 | Build | Mill |
| 4:46 | Create | Villager (Male) |
| 5:14 | Build | House |
| 5:16 | Create | Villager (Male) |
| 5:19 | Research | Loom |
| 5:25 | Build | House |
| 5:33 | Create | Villager (Male) |
| 5:35 | Create | Villager (Male) |
| 5:57 | Create | Villager (Male) |
| 6:09 | Create | Villager (Male) |
| 7:00 | Create | Villager (Male) |
| 7:48 | Create | Villager (Male) |
| 7:57 | Build | Mill |
| 8:19 | Build | Farm |
| 8:27 | Create | Villager (Male) |
| 8:32 | Build | Farm |
| 8:47 | Build | Farm |
| 8:50 | Build | Farm |
| 8:55 | Research | Feudal Age |
| 9:01 | Build | Farm |
| 9:23 | Build | House |
| 10:41 | Build | Barracks |
| 10:57 | Create | Villager (Male) |
| 10:58 | Create | Villager (Male) |
| 11:05 | Age | Feudal Age |
| 11:09 | Research | Double-Bit Axe |
| 11:39 | Build | House |
| 11:53 | Build | Palisade Wall |
| 12:16 | Build | Lumber Camp |
| 12:18 | Create | Villager (Male) |
| 12:18 | Create | Villager (Male) |
| 12:45 | Build | Farm |
| 12:52 | Build | House |
| 13:21 | Create | Villager (Male) |
| 13:21 | Create | Villager (Male) |
| 13:31 | Build | Stable |
| 13:51 | Build | Farm |
| 13:52 | Build | Farm |
| 13:54 | Build | Farm |
| 14:10 | Build | Farm |
| 14:14 | Create | Villager (Male) |
| 14:14 | Create | Villager (Male) |
| 14:24 | Create | Villager (Male) |
| 14:26 | Create | Scout Cavalry |
| 14:26 | Create | Scout Cavalry |
| 14:56 | Build | House |
| 15:09 | Build | Blacksmith |
| 15:15 | Create | Villager (Male) |
| 15:27 | Build | Farm |
| 15:28 | Build | Farm |
| 15:28 | Build | Farm |
| 15:28 | Build | Farm |
| 15:29 | Build | Farm |
| 15:30 | Build | Farm |
| 15:33 | Build | Farm |
| 15:35 | Create | Villager (Male) |
| 15:51 | Build | House |
| 15:53 | Create | Scout Cavalry |
| 15:57 | Research | Forging |
| 16:06 | Create | Villager (Male) |
| 16:14 | Research | Horse Collar |
| 16:46 | Create | Villager (Male) |
| 16:47 | Create | Villager (Male) |
| 16:56 | Build | House |
| 17:27 | Create | Villager (Male) |
| 17:28 | Create | Scout Cavalry |
| 17:29 | Create | Scout Cavalry |
| 17:33 | Research | Scale Barding Armor |
| 17:40 | Build | House |
| 17:42 | Create | Villager (Male) |
| 18:46 | Create | Villager (Male) |
| 18:47 | Create | Villager (Male) |
| 18:53 | Build | Mining Camp |
| 18:56 | Create | Villager (Male) |
| 18:57 | Create | Scout Cavalry |
| 18:58 | Create | Scout Cavalry |
| 18:58 | Create | Scout Cavalry |
| 19:32 | Create | Villager (Male) |
| 19:35 | Create | Scout Cavalry |
| 19:59 | Create | Villager (Male) |
| 20:05 | Build | House |
| 20:07 | Build | House |
| 20:10 | Create | Villager (Male) |
| 20:14 | Create | Scout Cavalry |
| 20:38 | Create | Villager (Male) |
| 20:57 | Build | Farm |
| 20:57 | Build | Farm |
| 20:58 | Build | Farm |
| 20:58 | Build | Farm |
| 21:45 | Create | Villager (Male) |
| 21:45 | Create | Villager (Male) |
| 21:58 | Build | Farm |
| 22:01 | Build | Farm |
| 22:04 | Build | Farm |
| 22:05 | Build | Farm |
| 22:11 | Build | House |
| 22:13 | Build | House |
| 22:17 | Create | Villager (Male) |
| 22:34 | Research | Castle Age |
| 22:59 | Build | Mining Camp |
| 23:32 | Create | Villager (Male) |
| 23:33 | Create | Villager (Male) |
| 23:51 | Build | House |
| 24:01 | Research | Bloodlines |
| 24:36 | Create | Villager (Male) |
| 24:44 | Build | Farm |
| 25:15 | Age | Castle Age |
| 25:27 | Build | Town Center |
| 25:43 | Create | Spearman |
| 25:49 | Create | Knight |
| 25:56 | Create | Villager (Male) |
| 26:31 | Create | Villager (Male) |
| 26:31 | Create | Villager (Male) |
| 26:44 | Research | Husbandry |
| 26:49 | Create | Villager (Male) |
| 26:49 | Create | Villager (Male) |
| 26:57 | Research | Fletching |
| 26:58 | Research | Padded Archer Armor |
| 27:01 | Build | Farm |
| 27:04 | Create | Villager (Male) |
| 27:04 | Create | Villager (Male) |
| 27:05 | Create | Villager (Male) |
| 27:14 | Build | University |
| 27:51 | Create | Villager (Male) |
| 27:52 | Create | Villager (Male) |
| 28:14 | Create | Villager (Male) |
| 28:15 | Create | Villager (Male) |
| 28:30 | Build | Archery Range |
| 28:42 | Build | Stable |
| 28:47 | Create | Knight |
| 28:47 | Create | Knight |
| 28:48 | Create | Knight |
| 28:54 | Research | Bodkin Arrow |
| 28:55 | Research | Leather Archer Armor |
| 29:08 | Create | Villager (Male) |
| 29:09 | Create | Villager (Male) |
| 29:27 | Build | Monastery |
Match timeline
| 6:44 | EL SANTO PADRE EL ORIGINAL · first_building Barracks |
| 9:38 | bigdawg · age_up feudal |
| 9:44 | bigdawg · first_building Stable |
| 10:41 | Hardhead · first_building Barracks |
| 10:57 | Leon S. Kennedy · wall_segment Palisade Wall x2 |
| 11:05 | Hardhead · age_up feudal |
| 11:53 | Hardhead · wall_segment Palisade Wall x1 |
| 12:27 | Leon S. Kennedy · first_building Barracks |
| 12:31 | EL SANTO PADRE EL ORIGINAL · age_up feudal |
| 12:44 | Leon S. Kennedy · wall_segment Palisade Wall x1 |
| 12:54 | EL SANTO PADRE EL ORIGINAL · first_building Stable |
| 13:31 | Hardhead · first_building Stable |
| 13:53 | Leon S. Kennedy · wall_segment Palisade Wall x1 |
| 14:38 | bigdawg · first_building Archery Range |
| 16:06 | Leon S. Kennedy · age_up feudal |
| 20:58 | Leon S. Kennedy · wall_segment Palisade Wall x13 |
| 21:02 | bigdawg · age_up castle |
| 21:41 | Leon S. Kennedy · wall_segment Palisade Wall x7 |
| 23:24 | EL SANTO PADRE EL ORIGINAL · age_up castle |
| 25:15 | Hardhead · age_up castle |
| 25:33 | Leon S. Kennedy · first_building Stable |
| 25:38 | bigdawg · first_market_sell 500 food |
| 25:41 | EL SANTO PADRE EL ORIGINAL · first_building Castle |
| 28:09 | EL SANTO PADRE EL ORIGINAL · first_building Siege Workshop |
| 28:30 | Hardhead · first_building Archery Range |
| 28:57 | bigdawg · age_up imperial |
| 29:25 | Leon S. Kennedy · age_up castle |
| 29:27 | Hardhead · first_building Monastery |
| 30:28 | Leon S. Kennedy · first_market_buy 100 stone |
| 30:45 | Hardhead · first_building Castle |
| 30:46 | Leon S. Kennedy · first_building Castle |
| 32:58 | Leon S. Kennedy · first_building Siege Workshop |
| 33:55 | Hardhead · first_building Siege Workshop |
| 34:36 | bigdawg · first_market_buy 100 wood |
| 38:13 | bigdawg · first_building Castle |
| 38:30 | Leon S. Kennedy · wall_segment Stone Wall x25 |
| 41:30 | bigdawg · first_building Monastery |
| 42:15 | Leon S. Kennedy · first_building Monastery |
| 46:00 | EL SANTO PADRE EL ORIGINAL · resign |
| 46:05 | Hardhead · age_up imperial |
[ AI ANALYSIS · 1 CREDIT ]
What really happened in this match?
Wolo.gg analyzes every decision: build order, eco, micro, common mistakes by bracket. Personalized analysis on WhatsApp or Discord in 30 seconds.
Civ guide
Teutons
Map guide
Seasons
Perfil
EL_PUERCO_REDENTOR